 Dungeon Crawl Stone Soup version 0.31.0-9-g3a7656b989 (webtiles) character file.

Game seed: 17437649915807799735

13938 qw the Nimble (level 11, -1/55 HPs)
             Began as a Spriggan Hunter on Feb 2, 2024.
             Was an Elder of Okawaru.
             Slain by a seven-headed hydra (3 damage)
             ... on level 2 of the Lair of Beasts.
             The game lasted 00:01:10 (9340 turns).

qw the Nimble (Spriggan Hunter)                     Turns: 9340, Time: 00:01:11

Health: -1/55      AC:  6    Str:  7    XL:     11   Next: 82%
Magic:  12/17      EV: 31    Int: 11    God:    Okawaru [****..]
Gold:   448        SH:  0    Dex: 23    Spells: 10/10 levels left

rFire   + . .        p - +2 orcbow (drain)
rCold   + . .        (shield currently unavailable)
rNeg    + . .        m - +4 robe "Luesk" {Rampage *Corrode rElec rN+}
rPois   .            (helmet restricted)
rElec   +            h - scarf {rC+ rF+}
rCorr   .            (gloves unavailable)
SInv    +            (boots unavailable)
Will    ++...        (no amulet)
Stlth   ++           f - ring of willpower
HPRegen 0.29/turn    (no ring)
MPRegen 0.15/turn

%: corrode self (3%), rampage
@: about to teleport, finesse-ful, very quick
A: very small, no large weapons, unfitting armour, see invisible, speed 3
a: Renounce Religion, Heroism, Finesse


You were on level 2 of the Lair of Beasts.
You worshipped Okawaru.
Okawaru was greatly pleased with you.
You visited 3 branches of the dungeon, and saw 11 of its levels.

You collected 584 gold pieces.
You spent 136 gold pieces at shops.


Innate Abilities, Weirdness & Mutations

You are very small and have problems with some larger weapons.
You are too small for most types of armour.
You have supernaturally acute eyesight. (SInv)
You cover ground extremely quickly. (Speed+++)


   Skills:
 - Level 5.0 Fighting
 + Level 13.7 Ranged Weapons
 - Level 14.0 Dodging
 - Level 1.5 Stealth
 + Level 7.1 Invocations


You had 10 spell levels left.
You didn't know any spells.
Your spell library was empty.

Inventory:

Hand Weapons
 p - a +2 orcbow of draining (weapon)
Armour
 c - +0 steam dragon scales
 h - a scarf of resistance (worn)
 l - a +1 cloak
 m - the +4 robe "Luesk" (worn) {Rampage *Corrode rElec rN+}
   (You bought it in a shop on level 4 of the Dungeon)

   rElec:     It insulates you from electricity.
   rN+:       It protects you from negative energy.
   *Corrode:  It may corrode you when you take damage.
   Rampage:   It bestows one free step when moving towards enemies.
Jewellery
 f - a ring of willpower (left hand)
Wands
 o - a wand of paralysis (5)
Scrolls
 a - a scroll of identify
Potions
 b - 2 potions of mutation
 e - a potion of might
 i - a potion of heal wounds
 k - a potion of resistance
 n - 6 potions of curing

Dungeon Overview and Level Annotations

Branches:
Dungeon (8/15)             Temple (1/1) D:7            Lair (2/5) D:8
  Swamp: Lair:2-3    Shoals: Lair:2-3     Snake: Lair:2-3    Spider: Lair:2-3

Altars:
Ashenzari
Cheibriados
Dithmenos
Elyvilon
Fedhas
Gozag
Hepliaklqana
Kikubaaqudgha
Makhleb
Nemelex Xobeh
Okawaru
Qazlal
Ru
Sif Muna
Trog
Uskayaw
Vehumet
Wu Jian
Xom
Yredelemnul
Zin
The Shining One

Shops:
D:4 [

Annotations:
D:6 exclusion: 2 electric eels
Lair:1 1 runed translucent door


Message History

You start resting.
HP restored.
A seven-headed hydra comes into view.
Found a giant spiked club.
9335 ||| INVOKING Finesse.
You can now deal lightning-fast blows.
You can no longer enter into single combat with a foe.
Okawaru will no longer gift you throwing weapons.
The seven-headed hydra closely misses you.
The seven-headed hydra completely misses you.
The seven-headed hydra bites you.
The seven-headed hydra closely misses you.
The seven-headed hydra completely misses you.
The seven-headed hydra bites you but does no damage.
The seven-headed hydra bites you!
You shoot an arrow. The arrow hits the seven-headed hydra.
The seven-headed hydra is lightly wounded.
The seven-headed hydra bites you!
The seven-headed hydra bites you but does no damage.
The seven-headed hydra bites you.
The seven-headed hydra barely misses you.
The seven-headed hydra bites you but does no damage.
The seven-headed hydra misses you.
The seven-headed hydra completely misses you.
You shoot an arrow.
The arrow barely misses the seven-headed hydra.
You shoot an arrow.
The arrow barely misses the seven-headed hydra.
You shoot an arrow.
The arrow barely misses the seven-headed hydra.
The seven-headed hydra closely misses you.
The seven-headed hydra completely misses you. x2
The seven-headed hydra closely misses you.
The seven-headed hydra bites you! x2
The seven-headed hydra closely misses you.
9340 ||| READING scroll of teleportation.
As you read the scroll of teleportation, it crumbles to dust.
You feel strangely unstable. The seven-headed hydra bites you.
You die...

...^............
..######.....#.... .
##.<....... . #
#:...####.! #.##.
##..## ##...#
####...#
......###P.##..##P.#
#P..................
.##@##......###..
#..D#.%%##..##
#..####.##..... #..
#.)##Y#.# #.. #Y##
Y##.. ..#.#.....Y#
.Y ...
................# ..
##...###........
#....##..#


You could see a seven-headed hydra.

Vanquished Creatures
  A black mamba (Lair:1)
  4 cane toads
  A rime drake (Lair:1)
  2 komodo dragons (Lair:1)
  A polar bear (Lair:1)
  8 blink frogs (Lair:1)
  2 wyverns (Lair:1)
  20 yaks
  A basilisk (Lair:2)
  A human (Lair:1)
  2 steam dragons (D:8)
  Menkaure (D:4)
  Edmund (D:6)
  4 water moccasins
  An orc warrior (D:7)
  2 ice beasts
  4 sky beasts
  An ogre (D:5)
  4 black bears
  3 centaurs (D:6)
  10 wolves
  A phantom (D:6)
  10 bullfrogs
  A gnoll sergeant (D:6)
  2 scorpions
  7 wights
  15 killer bees
  A howler monkey (D:5)
  5 electric eels (D:6)
  3 hounds
  4 gnoll boudas
  A jelly (D:4)
  4 bombardier beetles
  2 orc priests (D:8)
  2 sleepcaps
  3 iguanas
  15 orc wizards
  9 adders
  25 gnolls
  A shadow imp (D:7)
  3 white imps
  2 ribbon worms (D:5)
  8 dart slugs
  22 orcs
  5 endoplasms (D:1)
  5 giant cockroaches
  8 goblins
  6 hobgoblins
  7 jackals
  3 quokkas
  7 ball pythons
  7 bats
  4 frilled lizards
  5 kobolds
  10 rats
287 creatures vanquished.

Vanquished Creatures (others)
  Psyche (D:8)
  A dart slug (D:6)
2 creatures vanquished.

Grand Total: 289 creatures vanquished

Notes
Turn   | Place    | Note
-------+----------+-------------------------------------------
     0 | D:1      | qw the Spriggan Hunter began the quest for the Orb.
     0 | D:1      | Reached XP level 1. HP: 10/10 MP: 2/2
     0 | D:1      | 0 ||| qw: Version: 0.3-a-155-g5e7d8dd
     0 | D:1      | 0 ||| qw: Game counter: 1982
     0 | D:1      | 0 ||| qw: Melee chars always use a shield: true
     0 | D:1      | 0 ||| qw: God list: Okawaru
     0 | D:1      | 0 ||| qw: Allow faded altars: false
     0 | D:1      | 0 ||| qw: Do Orc after clearing Dungeon:15 true
     0 | D:1      | 0 ||| qw: Do second Lair branch before Depths: true
     0 | D:1      | 0 ||| qw: Lair rune preference: random
     0 | D:1      | 0 ||| qw: Goals: Normal
     0 | D:1      | 0 ||| PLANNING D:1-11
    44 | D:1      | Reached skill level 3 in Dodging
   177 | D:1      | Reached XP level 2. HP: 14/14 MP: 3/3
   207 | D:1      | Reached skill level 4 in Dodging
   307 | D:1      | You fall into a shaft and drop 1 floor!
   327 | D:2      | Reached XP level 3. HP: 16/18 MP: 4/4
   370 | D:2      | 370 ||| READING scroll labelled JUYLOTE COSE.
   371 | D:2      | 371 ||| DROPPING scroll of butterflies.
   836 | D:1      | 836 ||| READING scroll labelled MENLYBREYDO.
   993 | D:2      | Reached XP level 4. HP: 19/22 MP: 5/5
  1204 | D:2      | Identified the +3 hand axe of the Final Princes {spect,
                  | rF++ rC+ Dex+2 Stlth-}
  1214 | D:2      | 1214 ||| READING scroll labelled WYVA KANAST.
  1215 | D:2      | 1215 ||| READING scroll labelled RIONUVVITEM.
  1316 | D:2      | 1316 ||| READING scroll labelled ZEROGIEJUO.
  1431 | D:3      | Reached skill level 5 in Dodging
  1539 | D:3      | 1539 ||| FLEEEEING.
  1542 | D:3      | 1542 ||| FLEEEEING.
  1543 | D:3      | 1543 ||| FLEEEEING.
  1544 | D:3      | 1544 ||| FLEEEEING.
  1546 | D:3      | 1546 ||| FLEEEEING.
  1547 | D:3      | 1547 ||| FLEEEEING.
  1548 | D:3      | 1548 ||| FLEEEEING.
  1549 | D:3      | 1549 ||| FLEEEEING.
  1552 | D:3      | 1552 ||| FLEEEEING.
  1553 | D:3      | 1553 ||| FLEEEEING.
  1554 | D:3      | 1554 ||| FLEEEEING.
  1555 | D:3      | 1555 ||| FLEEEEING.
  1556 | D:3      | 1556 ||| FLEEEEING.
  1559 | D:3      | 1559 ||| FLEEEEING.
  1560 | D:3      | 1560 ||| FLEEEEING.
  1561 | D:3      | 1561 ||| FLEEEEING.
  1563 | D:3      | 1563 ||| FLEEEEING.
  1564 | D:3      | 1564 ||| FLEEEEING.
  1565 | D:3      | 1565 ||| FLEEEEING.
  1566 | D:3      | 1566 ||| FLEEEEING.
  1567 | D:3      | 1567 ||| FLEEEEING.
  1568 | D:3      | 1568 ||| FLEEEEING.
  1569 | D:3      | 1569 ||| FLEEEEING.
  1570 | D:3      | 1570 ||| FLEEEEING.
  1571 | D:3      | 1571 ||| FLEEEEING.
  1572 | D:3      | 1572 ||| FLEEEEING.
  1577 | D:3      | 1577 ||| FLEEEEING.
  1578 | D:3      | 1578 ||| FLEEEEING.
  1579 | D:3      | 1579 ||| FLEEEEING.
  1580 | D:3      | 1580 ||| FLEEEEING.
  1581 | D:3      | 1581 ||| FLEEEEING.
  1582 | D:3      | 1582 ||| FLEEEEING.
  1583 | D:3      | 1583 ||| FLEEEEING.
  1584 | D:3      | 1584 ||| FLEEEEING.
  1585 | D:3      | 1585 ||| FLEEEEING.
  1586 | D:3      | 1586 ||| FLEEEEING.
  1587 | D:3      | 1587 ||| FLEEEEING.
  1588 | D:3      | 1588 ||| FLEEEEING.
  1589 | D:3      | 1589 ||| FLEEEEING.
  1590 | D:3      | 1590 ||| FLEEEEING.
  1592 | D:3      | 1592 ||| FLEEEEING.
  1593 | D:3      | 1593 ||| FLEEEEING.
  1594 | D:3      | 1594 ||| FLEEEEING.
  1596 | D:3      | 1596 ||| FLEEEEING.
  1597 | D:3      | 1597 ||| FLEEEEING.
  1598 | D:3      | 1598 ||| FLEEEEING.
  1600 | D:3      | 1600 ||| FLEEEEING.
  1606 | D:3      | 1606 ||| FLEEEEING.
  1607 | D:3      | 1607 ||| FLEEEEING.
  1774 | D:3      | Reached XP level 5. HP: 26/26 MP: 6/6
  2183 | D:3      | 2183 ||| UPGRADING to +0 cloak.
  2188 | D:3      | 2188 ||| DROPPING +6 ring of intelligence.
  2189 | D:3      | 2189 ||| READING scroll labelled ROEXYSU ZIUF.
  2189 | D:3      | 2189 ||| IDENTIFYING bubbling purple potion
  2190 | D:3      | 2190 ||| READING scroll labelled COUP VAMOKEEG.
  2190 | D:3      | 2190 ||| BRANDING +0 shortbow.
  2228 | D:4      | 2228 ||| FLEEEEING.
  2230 | D:4      | 2230 ||| FLEEEEING.
  2231 | D:4      | 2231 ||| FLEEEEING.
  2233 | D:4      | 2233 ||| FLEEEEING.
  2317 | D:4      | Reached skill level 6 in Ranged Weapons
  2381 | D:4      | Noticed Menkaure
  2382 | D:4      | 2382 ||| ZAPPING wand of flame (16) at -3,4 (Menkaure;
                  | floor).
  2383 | D:4      | 2383 ||| ZAPPING wand of flame (15) at -3,4 (Menkaure;
                  | floor).
  2385 | D:4      | 2385 ||| ZAPPING wand of flame (14) at -1,3 (Menkaure;
                  | floor).
  2386 | D:4      | 2386 ||| ZAPPING wand of flame (13) at -1,3 (Menkaure;
                  | floor).
  2386 | D:4      | Killed Menkaure
  2387 | D:4      | Reached skill level 6 in Dodging
  2387 | D:4      | Reached XP level 6. HP: 30/30 MP: 7/7
  2425 | D:4      | 2425 ||| FLEEEEING.
  2426 | D:4      | 2426 ||| FLEEEEING.
  2427 | D:4      | 2427 ||| FLEEEEING.
  2429 | D:4      | 2429 ||| FLEEEEING.
  2578 | D:4      | Found Efyeterutz's Antique Armour Emporium.
  2581 | D:4      | Found a basalt altar of Yredelemnul.
  2587 | D:4      | 2587 ||| BUYING fine robe (136 gold).
  2587 | D:4      | Bought a fine robe for 136 gold pieces
  2587 | D:4      | Identified the +4 robe "Luesk" {Rampage *Corrode rElec rN+}
                  | (You bought it in a shop on level 4 of the Dungeon)
  2587 | D:4      | 2587 ||| SHOPLISTING glowing robe (88 gold, have 47).
  2710 | D:4      | 2710 ||| UPGRADING to +4 robe "Luesk" {Rampage *Corrode
                  | rElec rN+}.
  2720 | D:4      | 2720 ||| DROPPING +0 robe.
  2721 | D:4      | 2721 ||| UPGRADING to ring of willpower.
  2722 | D:4      | 2722 ||| READING scroll of identify.
  2722 | D:4      | 2722 ||| IDENTIFYING sedimented blue potion
  2723 | D:4      | 2723 ||| DRINKING 3 murky black potions.
  2728 | D:5      | Entered Level 5 of the Dungeon
  2732 | D:5      | 2732 ||| DRINKING potion of haste.
  2733 | D:5      | 2733 ||| STAIRDANCE
  2738 | D:4      | Reached XP level 7. HP: 35/35 MP: 8/8
  2744 | D:5      | Reached skill level 7 in Dodging
  2853 | D:5      | 2853 ||| RETREEEEATING.
  2854 | D:5      | 2854 ||| RETREEEEATING.
  2855 | D:5      | 2855 ||| RETREEEEATING.
  2856 | D:5      | 2856 ||| RETREEEEATING.
  2858 | D:5      | 2858 ||| RETREEEEATING.
  3101 | D:5      | Reached skill level 3 in Fighting
  3101 | D:5      | Reached XP level 8. HP: 40/40 MP: 9/9
  3407 | D:5      | Found a shimmering blue altar of Sif Muna.
  3595 | D:5      | 3595 ||| READING scroll labelled FAGOF CUAP.
  3660 | D:5      | 3660 ||| READING scroll labelled ATHAMP QE ZIR.
  3660 | D:5      | 3660 ||| ENCHANTING +0 cloak.
  3661 | D:5      | 3661 ||| READING scroll labelled UTUSHR JAJ FISS.
  3661 | D:5      | 3661 ||| ENCHANTING +0 shortbow of draining.
  3699 | D:6      | Reached skill level 8 in Dodging
  3725 | D:6      | Noticed Edmund
  3741 | D:6      | Killed Edmund
  3813 | D:6      | 3813 ||| FLEEEEING.
  3814 | D:6      | 3814 ||| RETREEEEATING.
  3819 | D:6      | 3819 ||| RETREEEEATING.
  3820 | D:6      | 3820 ||| RETREEEEATING.
  3830 | D:6      | HP: 9/40 [electric eel/bolt of electricity (3)]
  3831 | D:6      | 3831 ||| READING scroll of teleportation.
  3833 | D:6      | HP: 4/40 [electric eel/bolt of electricity (2)]
  4061 | D:6      | Reached skill level 9 in Ranged Weapons
  4183 | D:6      | 4183 ||| FLEEEEING.
  4184 | D:6      | 4184 ||| FLEEEEING.
  4185 | D:6      | 4185 ||| FLEEEEING.
  4186 | D:6      | 4186 ||| FLEEEEING.
  4206 | D:6      | 4206 ||| FLEEEEING.
  4232 | D:6      | 4232 ||| FLEEEEING.
  4291 | D:6      | Reached skill level 9 in Dodging
  4337 | D:6      | 4337 ||| RETREEEEATING.
  4338 | D:6      | 4338 ||| RETREEEEATING.
  4339 | D:6      | 4339 ||| RETREEEEATING.
  4340 | D:6      | 4340 ||| RETREEEEATING.
  4373 | D:6      | Reached XP level 9. HP: 18/44 MP: 10/10
  4477 | D:6      | 4477 ||| SWAPPING to +0 orcbow.
  4502 | D:6      | 4502 ||| DROPPING +1 shortbow of draining.
  4627 | D:6      | 4627 ||| FLEEEEING.
  4637 | D:6      | 4637 ||| FLEEEEING.
  4638 | D:6      | 4638 ||| FLEEEEING.
  4639 | D:6      | 4639 ||| FLEEEEING.
  4640 | D:6      | 4640 ||| FLEEEEING.
  4641 | D:6      | 4641 ||| FLEEEEING.
  4642 | D:6      | 4642 ||| FLEEEEING.
  4769 | D:6      | Reached skill level 10 in Dodging
  4792 | D:6      | 4792 ||| READING scroll of identify.
  4792 | D:6      | 4792 ||| IDENTIFYING dark potion
  4793 | D:6      | 4793 ||| READING scroll labelled MAPPEF LYBRIGGOE.
  4794 | D:6      | 4794 ||| DROPPING potion of berserk rage.
  4795 | D:6      | 4795 ||| DROPPING wand of flame (12).
  4972 | D:7      | 4972 ||| RETREEEEATING.
  5022 | D:7      | 5022 ||| READING scroll of enchant weapon.
  5022 | D:7      | 5022 ||| ENCHANTING +0 orcbow.
  5034 | D:7      | Found a staircase to the Ecumenical Temple.
  5035 | D:7      | 5035 ||| PLANNING TEMPLE
  5046 | D:7      | 5046 ||| RETREEEEATING.
  5053 | D:7      | 5053 ||| RETREEEEATING.
  5054 | D:7      | 5054 ||| RETREEEEATING.
  5055 | D:7      | 5055 ||| RETREEEEATING.
  5056 | D:7      | 5056 ||| RETREEEEATING.
  5057 | D:7      | 5057 ||| RETREEEEATING.
  5058 | D:7      | 5058 ||| RETREEEEATING.
  5115 | Temple   | Entered the Ecumenical Temple
  5116 | Temple   | 5116 ||| PLANNING OKAWARU WORSHIP
  5121 | Temple   | Became a worshipper of Warmaster Okawaru
  5122 | Temple   | 5122 ||| PLANNING D:1-11
  5244 | D:7      | 5244 ||| READING scroll of enchant weapon.
  5244 | D:7      | 5244 ||| ENCHANTING +1 orcbow.
  5364 | D:7      | Reached skill level 11 in Dodging
  5514 | D:7      | 5514 ||| RETREEEEATING.
  5516 | D:7      | 5516 ||| RETREEEEATING.
  5519 | D:7      | 5519 ||| RETREEEEATING.
  5548 | D:7      | HP: 11/45 [poisoned by a killer bee]
  5837 | D:7      | Reached * piety under Okawaru
  5838 | D:7      | Reached skill level 12 in Dodging
  5851 | D:7      | Reached XP level 10. HP: 35/49 MP: 11/11
  5916 | D:7      | 5916 ||| READING scroll of brand weapon.
  5916 | D:7      | 5916 ||| BRANDING +2 orcbow.
  5948 | D:7      | Reached skill level 1 in Invocations
  6171 | D:7      | 6171 ||| READING scroll labelled YXEEXZ BIAMAMN.
  6172 | D:7      | 6172 ||| READING scroll labelled OWKEG XEIGEPPU.
  6173 | D:7      | 6173 ||| DRINKING 2 black potions.
  6310 | D:8      | Noticed Psyche
  6317 | D:8      | 6317 ||| FLEEEEING.
  6318 | D:8      | 6318 ||| FLEEEEING.
  6319 | D:8      | 6319 ||| FLEEEEING.
  6320 | D:8      | 6320 ||| FLEEEEING.
  6321 | D:8      | 6321 ||| FLEEEEING.
  6322 | D:8      | 6322 ||| INVOKING Heroism.
  6325 | D:8      | 6325 ||| RETREEEEATING.
  6326 | D:8      | 6326 ||| RETREEEEATING.
  6327 | D:8      | 6327 ||| RETREEEEATING.
  6328 | D:8      | 6328 ||| RETREEEEATING.
  6329 | D:8      | 6329 ||| RETREEEEATING.
  6329 | D:8      | Killed Psyche
  6336 | D:8      | 6336 ||| Stepping ~*~*~tactically~*~*~ (cloud).
  6407 | D:8      | Found a staircase to the Lair.
  6487 | D:8      | Found a hazy altar of Hepliaklqana.
  6554 | D:8      | Found a flagged portal.
  6777 | D:8      | 6777 ||| Stepping ~*~*~tactically~*~*~ (cloud).
  6809 | D:8      | 6809 ||| Stepping ~*~*~tactically~*~*~ (cloud).
  7130 | D:8      | Reached skill level 3 in Invocations
  7448 | D:8      | 7448 ||| PLANNING LAIR
  7448 | D:8      | 7448 ||| UPGRADING to scarf of resistance.
  7458 | D:8      | 7458 ||| READING 4 scrolls of identify.
  7458 | D:8      | 7458 ||| IDENTIFYING sedimented golden potion
  7459 | D:8      | 7459 ||| READING 3 scrolls of identify.
  7459 | D:8      | 7459 ||| IDENTIFYING metallic sapphire potion
  7460 | D:8      | 7460 ||| READING 2 scrolls of identify.
  7460 | D:8      | 7460 ||| IDENTIFYING murky silvery potion
  7461 | D:8      | 7461 ||| READING scroll of identify.
  7461 | D:8      | 7461 ||| IDENTIFYING scroll labelled QOUCIFETIW
  7462 | D:8      | 7462 ||| DROPPING potion of attraction.
  7463 | D:8      | 7463 ||| DROPPING potion of degeneration.
  7464 | D:8      | 7464 ||| DROPPING scroll of amnesia.
  7493 | Lair:1   | Entered Level 1 of the Lair of Beasts
  7493 | Lair:1   | Noticed a black mamba
  7494 | Lair:1   | 7494 ||| INVOKING Heroism.
  7498 | Lair:1   | Killed a black mamba
  7530 | Lair:1   | 7530 ||| RETREEEEATING.
  7533 | Lair:1   | Noticed a cane toad
  7534 | Lair:1   | 7534 ||| INVOKING Heroism.
  7536 | Lair:1   | 7536 ||| RETREEEEATING.
  7537 | Lair:1   | 7537 ||| RETREEEEATING.
  7543 | Lair:1   | Reached skill level 12 in Ranged Weapons
  7546 | Lair:1   | Killed a cane toad
  7546 | Lair:1   | Reached ** piety under Okawaru
  7659 | Lair:1   | Reached skill level 13 in Dodging
  7745 | Lair:1   | 7745 ||| RETREEEEATING.
  7747 | Lair:1   | 7747 ||| RETREEEEATING.
  7748 | Lair:1   | 7748 ||| RETREEEEATING.
  7749 | Lair:1   | 7749 ||| RETREEEEATING.
  7773 | Lair:1   | Reached *** piety under Okawaru
  7842 | Lair:1   | Reached XP level 11. HP: 55/55 MP: 15/15
  7844 | Lair:1   | 7844 ||| RETREEEEATING.
  7846 | Lair:1   | 7846 ||| RETREEEEATING.
  7847 | Lair:1   | 7847 ||| RETREEEEATING.
  7855 | Lair:1   | 7855 ||| RETREEEEATING.
  7856 | Lair:1   | 7856 ||| RETREEEEATING.
  7857 | Lair:1   | 7857 ||| RETREEEEATING.
  8038 | Lair:1   | Found a runed translucent door.
  8045 | Lair:1   | Noticed a tentacled starspawn
  8067 | Lair:1   | Reached **** piety under Okawaru
  8322 | Lair:1   | 8322 ||| RETREEEEATING.
  8324 | Lair:1   | 8324 ||| RETREEEEATING.
  8332 | Lair:1   | 8332 ||| RETREEEEATING.
  8334 | Lair:1   | 8334 ||| RETREEEEATING.
  8335 | Lair:1   | 8335 ||| RETREEEEATING.
  8336 | Lair:1   | 8336 ||| RETREEEEATING.
  8337 | Lair:1   | 8337 ||| RETREEEEATING.
  8338 | Lair:1   | 8338 ||| RETREEEEATING.
  8339 | Lair:1   | 8339 ||| RETREEEEATING.
  8340 | Lair:1   | 8340 ||| RETREEEEATING.
  8341 | Lair:1   | 8341 ||| RETREEEEATING.
  8342 | Lair:1   | 8342 ||| RETREEEEATING.
  8343 | Lair:1   | 8343 ||| RETREEEEATING.
  8345 | Lair:1   | 8345 ||| RETREEEEATING.
  8350 | Lair:1   | 8350 ||| RETREEEEATING.
  8351 | Lair:1   | 8351 ||| RETREEEEATING.
  8352 | Lair:1   | 8352 ||| RETREEEEATING.
  8353 | Lair:1   | 8353 ||| RETREEEEATING.
  8354 | Lair:1   | 8354 ||| RETREEEEATING.
  8580 | Lair:1   | Reached skill level 14 in Dodging
  8592 | Lair:1   | 8592 ||| RETREEEEATING.
  8593 | Lair:1   | 8593 ||| INVOKING Finesse.
  8594 | Lair:1   | 8594 ||| INVOKING Finesse.
  8595 | Lair:1   | 8595 ||| INVOKING Heroism.
  9048 | Lair:1   | 9048 ||| READING 2 scrolls of identify.
  9048 | Lair:1   | 9048 ||| IDENTIFYING lumpy cyan potion
  9049 | Lair:1   | 9049 ||| DROPPING potion of lignification.
  9115 | Lair:2   | Reached skill level 6 in Invocations
  9170 | Lair:2   | 9170 ||| RETREEEEATING.
  9173 | Lair:2   | 9173 ||| RETREEEEATING.
  9174 | Lair:2   | 9174 ||| INVOKING Finesse.
  9175 | Lair:2   | 9175 ||| INVOKING Finesse.
  9276 | Lair:2   | 9276 ||| RETREEEEATING.
  9280 | Lair:2   | 9280 ||| RETREEEEATING.
  9287 | Lair:2   | 9287 ||| RETREEEEATING.
  9289 | Lair:2   | 9289 ||| RETREEEEATING.
  9290 | Lair:2   | 9290 ||| RETREEEEATING.
  9291 | Lair:2   | 9291 ||| RETREEEEATING.
  9316 | Lair:2   | Reached ***** piety under Okawaru
  9334 | Lair:2   | Noticed a seven-headed hydra
  9335 | Lair:2   | 9335 ||| INVOKING Finesse.
  9339 | Lair:2   | HP: 2/55 [seven-headed hydra (14)]
  9340 | Lair:2   | 9340 ||| READING scroll of teleportation.
  9340 | Lair:2   | Slain by a seven-headed hydra

Levels and vault maps discovered:
D:1:      dpeg_arrival_round_b, layout_basic
D:2:      layout_rooms
D:3:      layout_basic, serial_rivers, chequers_serial_rivers_micro_e,
          chequers_serial_rivers_small_b, chequers_serial_rivers_room_b,
          chequers_serial_rivers_micro_a, kennysheep_minor_cross
D:4:      layout_basic, mainiacjoe_overflow_cross_hatched, serial_shops, shop,
          kennysheep_generic_room_5, uniq_menkaure
D:5:      layout_loops_corners, nicolae_sif_muna_condensation, st_stairs_2
D:6:      kennysheep_slugbush, layout_cave_pools, grunt_decor_fettered,
          kennysheep_small_spiral, dk_noncrumbling_4, uniq_edmund
D:7:      layout_loops_corners, temple_pool_b, grunt_ministairs_8
D:8:      layout_layer_cave, mainiacjoe_overflow_surrounded_room,
          lair_entry_dummy, enter_bailey_7, uniq_psyche
Temple:   nicolae_temple_bog_church
Lair:1:   layout_long_grid, pdpol_lair_cabin_in_the_woods, serial_bayou_shore_b
Lair:2:   layout_loops_ring, minmay_shoals_entry_beasts,
          nicolae_spider_entry_tight_spaces

Skill      XL: |  1  2  3  4  5  6  7  8  9 10 11 |
---------------+----------------------------------+-----
Dodging        | 3 4 5 6 7 9 12 13 14 | 14.0
Ranged Weapons | 5 6 7 8 9 11 12 13 | 13.7
Fighting       | 2 3 4 5 |  5.0
Invocations    | 4 7 |  7.1
Stealth        | |  1.5

Action                     |  1- 3 |  4- 6 |  7- 9 | 10-12 || total
---------------------------+-------+-------+-------+-------++-------
   Fire: Shortbow          |    90 |   175 |   219 |       ||   484
         Orcbow            |       |       |   227 |   437 ||   664
 Invoke: Heroism           |       |       |       |     4 ||     4
         Finesse           |       |       |       |     3 ||     3
  Evoke: Wand              |       |     4 |       |       ||     4
    Use: Scroll            |     2 |     6 |     8 |     9 ||    25
         Potion            |       |     2 |       |     1 ||     3
 Armour: Robe              |     8 |    15 |    86 |    39 ||   148
  Dodge: Dodged            |    22 |    65 |   271 |   207 ||   565

Table legend:
 A = Non-vault XP
 B = Vault XP
 C = Vault XP percentage of total XP
 D = Non-vault monster count
 E = Vault monster count
 F = Vault count percentage of total count
                 A         B        C        D         E       F
            +---------+---------+-------+---------+---------+-------
      Total |   18398 |    1514 |   7.6 |     268 |      20 |   6.9
            +---------+---------+-------+---------+---------+-------
        D:1 |      45 |       0 |   0.0 |      27 |       0 |   0.0
        D:2 |      74 |       0 |   0.0 |      20 |       0 |   0.0
        D:3 |     116 |       0 |   0.0 |      26 |       0 |   0.0
        D:4 |     380 |     221 |  36.8 |      18 |       3 |  14.3
        D:5 |     686 |      99 |  12.6 |      20 |       2 |   9.1
        D:6 |    1511 |     170 |  10.1 |      25 |       5 |  16.7
        D:7 |    2371 |     140 |   5.6 |      47 |       2 |   4.1
        D:8 |    1023 |     173 |  14.5 |      26 |       5 |  16.1
     Lair:1 |    8815 |     711 |   7.5 |      40 |       3 |   7.0
     Lair:2 |    3377 |       0 |   0.0 |      19 |       0 |   0.0
            +---------+---------+-------+---------+---------+-------
